 Dungeon Crawl Stone Soup version 0.31-a0-188-g5e087ee2ca (webtiles) character file.

Game seed: 17797293619033300770

158 Ijustatesigmund the Stinger (level 5, 0/34 HPs)
             Began as an Octopode Venom Mage on June 23, 2023.
             Slain by an orc wizard
             ... wielding a +0 dagger
              (5 damage)
             ... on level 4 of the Dungeon.
             The game lasted 00:09:23 (4015 turns).

Ijustatesigmund the Stinger (Octopode Venom Mage)   Turns: 4015, Time: 00:09:24

Health: 0/34       AC:  1    Str:  7    XL:     5   Next: 40%
Magic:  2/9        EV: 13    Int: 20    God:
Gold:   152        SH:  0    Dex: 12    Spells: 3/9 levels left

rFire   + . .        g - staff of poison
rCold   . . .        (no shield)
rNeg    . . .        (helmet restricted)
rPois   +            (no amulet)
rElec   .            f - ring of protection from fire
rCorr   .            (no ring)
SInv    .            (no ring)
Will    +....        (no ring)
Stlth   +++          (no ring)
HPRegen 0.25/turn    (no ring)
MPRegen 0.11/turn    (no ring)
                     (no ring)

%: no passive effects
@: enlightened, flying
A: almost no armour, amphibious, 8 rings, camouflage 1, gelatinous body 1,
(nimble swimmer 1), tentacles
a: no special abilities


You were on level 4 of the Dungeon.
You visited 1 branch of the dungeon, and saw 4 of its levels.

You collected 152 gold pieces.

Inventory:

Hand Weapons
 e - a +1 short sword
Missiles
 i - 2 throwing nets
Magical Staves
 g - a staff of poison (weapon)
Jewellery
 f - a ring of protection from fire (left tentacle)
Scrolls
 b - a scroll of identify
 h - a scroll of fog
 l - a scroll of blinking {unknown}
Potions
 a - 2 potions of magic
 c - a potion of resistance
 j - a potion of mutation


   Skills:
 + Level 1.9 Fighting
 + Level 1.4 Staves
 - Level 2.0 Dodging
 - Level 2.6 Stealth
 + Level 2.9 Spellcasting
 + Level 1.3 Conjurations
 - Level 1.0 Transmutations
 + Level 1.5 Air Magic
 + Level 4.5 Poison Magic


You had 3 spell levels left.
You knew the following spells:

 Your Spells              Type           Power      Damage    Failure   Level
a - Sting                 Tmut/Pois      84%        1d7       4%          1
b - Poisonous Vapours     Pois/Air       44%        N/A       6%          2
c - Mephitic Cloud        Conj/Pois/Air  19%        N/A       16%         3

Your spell library contained the following spells:

 Spells                   Type           Power      Damage    Failure   Level
 Shock                    Conj/Air       32%        1d5       8%          1
 Swiftness                Air            9%         N/A       22%         3
 Olgreb's Toxic Radiance  Pois           31%        N/A       22%         4
 Airstrike                Air            4%         2d(1-17)  58%         4


Dungeon Overview and Level Annotations

Branches:
Dungeon (4/15)
 Temple: D:4-7

Altars:
Ashenzari
Elyvilon
Nemelex Xobeh
Ru


Innate Abilities, Weirdness & Mutations

You cannot wear most types of armour.
You are amphibious.
You can wear up to eight rings at the same time.
Your skin changes colour to match your surroundings (Stealth+).
Your rubbery body absorbs attacks. (AC +1, EV +1)
((You are camouflaged when in or above water. (Stealth+)))
You have tentacles for arms and can constrict up to eight enemies at once.


Message History

The orc completely misses you.
You hit the orc but do no damage. You grab the orc. You squeeze the orc.
You kill the orc!
Something hits you.
You hit something but do no damage. Something hits you.
You hit something but do no damage. Your squeeze misses something.
Something completely misses you.
You miss something. Your squeeze misses something. Something hits you.
You hit something. You squeeze something. Something hits you.
You hit something but do no damage. Your squeeze misses something.
You hear some strange, mumbled words.
A puff of flame appears from out of thin air!
The puff of flame misses you.
You hit something but do no damage. Something hits you.
You closely miss something. Something hits you.
You hit something but do no damage. Your squeeze misses something.
Something hits you. x2
You hit something but do no damage. Something hits you.
* * * LOW HITPOINT WARNING * * *
Casting: Poisonous Vapours (safe; 6% risk of failure)
Confirm with . or Enter, or press ? or * to list all spells.
Aiming: Poisonous Vapours (safe; 6% risk of failure)
Press: ? - help, Dir - move target, f - orc
Aim: an orc, wielding a +0 club and wearing a +0 leather armour You feel a surge of power!
Poisonous vapours surround the orc!
The orc is poisoned.
Something hits you.
* * * LOW HITPOINT WARNING * * *
It was a potion of cancellation.
You feel magically purged. Something hits you.
* * * LOW HITPOINT WARNING * * *
It was a potion of enlightenment.
You feel very buoyant.
You fly up into the air.
Something hits you.
* * * LOW HITPOINT WARNING * * *
You aren't carrying any items that you can evoke.
Unknown command.
You miss something. Something hits you.
* * * LOW HITPOINT WARNING * * *
Okay, then.
You hit something. Something hits you.
You die...

......._o....... #.
#.#...⌠..... ....... #.
#.#....... .o.....
#.#.#.#.#.#.# oo#...
#.#.......... ..#..# ####
#.###.####### #.#..# #...
#.###.# #.#..# ##.##
#.....##########.#..####....
#.....)....@{o...#........#.
##.#################.####.###
#....................# #.# #
####################.# #.# #
### #.# # #.# # #.# # #.# #
..#


You could see an orc (poisoned).

Vanquished Creatures
  Robin (D:4)
  3 gnolls (D:3)
  4 adders
  3 dart slugs (D:1)
  2 orcs (D:4)
  6 ball pythons
  4 endoplasms
  14 goblins
  7 hobgoblins
  6 jackals
  3 quokkas
  3 bats
  A frilled lizard (D:2)
  7 kobolds
  5 rats
69 creatures vanquished.

Notes
Turn   | Place    | Note
-------+----------+-------------------------------------------
     0 | D:1      | Ijustatesigmund the Octopode Venom Mage began the quest for
                  | the Orb.
     0 | D:1      | Reached XP level 1. HP: 11/11 MP: 3/3
   185 | D:1      | Reached XP level 2. HP: 18/18 MP: 3/5
   188 | D:1      | Learned a level 2 spell: Poisonous Vapours
   332 | D:1      | Reached skill level 1 in Fighting
   501 | D:1      | Reached skill level 4 in Poison Magic
   586 | D:1      | Reached XP level 3. HP: 17/23 MP: 4/6
   596 | D:1      | Learned a level 3 spell: Mephitic Cloud
  1273 | D:2      | Found a faded altar of an unknown god.
  1587 | D:2      | Reached skill level 1 in Air Magic
  1706 | D:3      | Identified a scroll of acquirement
  1707 | D:3      | Acquired a staff of poison
  1910 | D:3      | Found a sparkling altar of Nemelex Xobeh.
  1954 | D:3      | Reached XP level 4. HP: 25/28 MP: 7/7
  2471 | D:3      | Found a broken altar of Ashenzari.
  2559 | D:4      | Noticed Robin
  2884 | D:3      | Reached skill level 1 in Conjurations
  3045 | D:3      | Reached skill level 1 in Staves
  3211 | D:4      | Killed Robin
  3212 | D:4      | Reached XP level 5. HP: 8/34 MP: 3/9
  3540 | D:4      | Found a sacrificial altar of Ru.
  3845 | D:4      | Found a white marble altar of Elyvilon.
  4015 | D:4      | Slain by an orc wizard

Illustrated notes

Levels and vault maps discovered:
D:1:      dpeg_arrival_simpleton_c, layout_loops_ring, minmay_unequal
D:2:      layout_basic, shapermc_ecumenical_altar_rom_forum
D:3:      layout_basic, old_standard_altar, mainiacjoe_overflow_brackets
D:4:      layout_basic, nicolae_ru_awakened_eye, cheibrodos_worm_habitat,
          elyvilon_altar_5, chequers_temple_overflow_minitemple, uniq_robin

Skill      XL: |  1  2  3  4 |
---------------+-------------+-----
Fighting       | 1 |  1.9
Poison Magic   | 4 |  4.5
Air Magic      | 1 |  1.5
Conjurations   | 1 |  1.3
Staves         | 1 |  1.4
Dodging        | |  2.0
Stealth        | |  2.6
Spellcasting   | |  2.9
Transmutations | |  1.0

Action                     |  1- 3 |  4- 6 || total
---------------------------+-------+-------++-------
  Melee: Unarmed           |     6 |       ||     6
         Dagger            |     6 |       ||     6
         Constrict         |    17 |    19 ||    36
         Tentacles         |    11 |    17 ||    28
         Short sword       |    23 |       ||    23
         Staff             |    25 |    85 ||   110
         Punch             |       |     2 ||     2
   Cast: Sting             |     6 |     7 ||    13
         Poisonous Vapours |    22 |    17 ||    39
         Mephitic Cloud    |     1 |     4 ||     5
    Use: Scroll            |     7 |     4 ||    11
         Potion            |     1 |     3 ||     4
   Stab: Sleeping          |     1 |     1 ||     2
 Armour: Skin              |     3 |     9 ||    12
  Dodge: Dodged            |    39 |    83 ||   122

Table legend: (Time is in decaauts)
 A = Elapsed time spent in this place.
 B = Non-inter-level travel time spent in this place.
 C = Inter-level travel time spent in this place.
 D = Time resting spent in this place.
 E = Time spent auto-exploring this place.
 F = Levels seen in this place.
 G = Mean time per level.
                   A        B        C        D        E       F      G
               +--------+--------+--------+--------+--------+-----+--------+
         Total |   4020 |   3953 |     67 |   1223 |   2176 |   4 | 1005.0 |
       Dungeon |   4020 |   3953 |     67 |   1223 |   2176 |   4 | 1005.0 |
               +--------+--------+--------+--------+--------+-----+--------+

Top non-repeatable levels by time:
     D:3: 1426 daAuts
     D:1: 955 daAuts
     D:4: 887 daAuts
     D:2: 751 daAuts
